 Dungeon Crawl Stone Soup version 0.29-a0-234-g0dae59b3db (webtiles) character file.

Game seed: 6346247093144154696

526 Crownlay the Chopper (level 7, -1/57 HPs)
             Began as a Hill Orc Fighter on Mar 3, 2022.
             Was a Follower of Okawaru.
             Slain by an ogre
             ... wielding a +0 giant spiked club
              (18 damage)
             ... on level 4 of the Dungeon.
             The game lasted 00:05:06 (4553 turns).

Crownlay the Chopper (Hill Orc Fighter)             Turns: 4553, Time: 00:05:07

Health: -1/57      AC:  8    Str: 27    XL:     7   Next: 23%
Magic:  3/3        EV:  9    Int:  8    God:    Okawaru [*.....]
Gold:   265        SH:  5    Dex: 10    Spells: 6/6 levels left

rFire   . . .      SeeInvis .   q - +8 hand axe "Vauhem" {antimagic, rCorr}
rCold   . . .      Faith    .   c - +0 buckler
rNeg    . . .      Spirit   .   b - +0 scale mail
rPois   .          Reflect  .   d - +0 helmet
rElec   .          Harm     .   (no cloak)
rCorr   +          Rampage  .   (no gloves)
Will    .....                   (no boots)
Stlth   ..........              (no amulet)
HPRegen 0.19/turn               t - +6 ring of strength
MPRegen 0.08/turn               (no ring)

@: no status effects
A: no striking features
a: Renounce Religion, Heroism


You were on level 4 of the Dungeon.
You worshipped Okawaru.
Okawaru was aware of your devotion.
You visited 1 branch of the dungeon, and saw 4 of its levels.

You collected 265 gold pieces.

Inventory:

Hand Weapons
 p - a +2 vampiric halberd
 q - the +8 hand axe "Vauhem" (weapon) {antimagic, rCorr}
   (You found it on level 2 of the Dungeon)

   It reduces the magical energy of the wielder, and disrupts the spells and
   magical abilities of those it strikes.
   Natural abilities and divine invocations are not affected.
   rCorr:     It protects you from acid and corrosion.
Armour
 b - a +0 scale mail (worn)
 c - a +0 buckler (worn)
 d - a +0 helmet (worn)
Jewellery
 t - a +6 ring of strength (left hand)
Wands
 u - a wand of iceblast (2)
Scrolls
 g - 2 scrolls of enchant weapon {unknown}
 h - 2 scrolls of immolation {unknown}
 i - a scroll of identify {unknown}
 m - 2 scrolls of fog
 o - 2 scrolls of blinking {unknown}
Potions
 a - a potion of ambrosia {unknown}
 e - a potion of heal wounds {unknown}
 f - a potion of haste {unknown}
 j - 3 potions of attraction {unknown}
 k - a potion of brilliance {unknown}
 l - 2 potions of cancellation {unknown}
 n - a potion of berserk rage {unknown}
 r - a potion of degeneration {unknown}
 s - a potion of curing {unknown}


   Skills:
 - Level 3.6 Fighting
 * Level 7.1 Axes
 - Level 5.0 Armour
 - Level 5.0 Shields
 + Level 3.0 Invocations


You had 6 spell levels left.
You didn't know any spells.
Your spell library was empty.

Dungeon Overview and Level Annotations

Branches:
Dungeon (4/15)
 Temple: D:4-7

Altars:
Kikubaaqudgha
Nemelex Xobeh
Okawaru
The Shining One

Shops:
D:4 =


Message History

You barely miss the adder. The adder barely misses you.
You closely miss the adder. The adder bites you but does no damage.
The adder bites you.
You barely miss the adder. You block the adder's attack.
You miss the adder. The adder closely misses you. The adder bites you.
You slash the adder!
You kill the adder!
Okawaru accepts your kill.
Your Invocations skill increases to level 3!
No target in view!
No target in view!
No target in view!
There is an entrance to Bane's Jewellery Shop here.
You can access your shopping list by pressing '$'.
Found a stone staircase leading up.
An ogre comes into view. It is wielding a +0 giant spiked club.
The ogre shouts!
Found a stone staircase leading down.
You block the ogre's attack.
You closely miss the ogre. You slash the ogre!
The ogre is heavily wounded.
You block the ogre's attack.
You hit the ogre.
The ogre is heavily wounded.
The ogre hits you with a +0 giant spiked club!!
You barely miss the ogre.
The ogre is heavily wounded.
The ogre hits you with a +0 giant spiked club!!
* * * LOW HITPOINT WARNING * * *
You are too injured to fight recklessly!
You are too injured to fight recklessly!
You are too injured to fight recklessly!
You are too injured to fight recklessly!
You hit the ogre.
The ogre is heavily wounded.
You slash the ogre!
The ogre is severely wounded.
The ogre hits you with a +0 giant spiked club!!
You die...

#.....##...#
......#....#......# ...
......#....#......# ....
......'))).#......# ....
#.....#.)..#......#>....
#.....#....#..<...#...
#.....##...#......'.
########...#....O.#
#..........#....@.#
#..........#......# ####
#..........#......#.....
#..........#......'.....
#..........#......#.....
#.....##...#..∩...#.....
#.....##...#......# ....
.......#...#......+ ....
#......#...'......# ...


You could see an ogre.

Vanquished Creatures
  Menkaure (D:4)
  Duvessa (D:4)
  Dowan (D:4)
  An orc priest (D:4)
  An iguana (D:4)
  Robin (D:2)
  4 adders
  4 gnolls (D:2)
  A worm (D:2)
  A dart slug (D:4)
  11 orcs
  3 endoplasms
  3 giant cockroaches
  17 goblins
  9 hobgoblins
  2 jackals (D:2)
  6 quokkas
  2 ball pythons (D:3)
  6 bats
  5 frilled lizards
  8 kobolds
  6 rats
94 creatures vanquished.

Vanquished Creatures (others)
  6 plants (D:1)
6 creatures vanquished.

Grand Total: 100 creatures vanquished

Notes
Turn   | Place    | Note
-------+----------+-------------------------------------------
     0 | D:1      | Crownlay the Hill Orc Fighter began the quest for the Orb.
     0 | D:1      | Reached XP level 1. HP: 19/19 MP: 1/1
    64 | D:1      | Reached skill level 3 in Axes
   100 | D:1      | Reached XP level 2. HP: 25/26 MP: 2/2
   725 | D:1      | Reached XP level 3. HP: 30/31 MP: 3/3
  1317 | D:1      | Reached skill level 4 in Axes
  1821 | D:2      | Reached XP level 4. HP: 12/39 MP: 4/4
  1976 | D:2      | Noticed Robin
  1984 | D:2      | Killed Robin
  2509 | D:2      | Reached skill level 5 in Axes
  2516 | D:2      | Reached XP level 5. HP: 29/45 MP: 5/5
  2661 | D:2      | Identified the +1 buckler "Ebava" {Harm Str+2 Dex+5 Stlth-}
  2668 | D:2      | Identified the +8 hand axe "Vauhem" {antimagic, rCorr}
  2812 | D:3      | Found a faded altar of an unknown god.
  3140 | D:3      | Found an ancient bone altar of Kikubaaqudgha.
  3259 | D:3      | Found a sparkling altar of Nemelex Xobeh.
  3468 | D:4      | Found an iron altar of Okawaru.
  3477 | D:4      | Became a worshipper of Warmaster Okawaru
  3722 | D:4      | Noticed Dowan
  3723 | D:4      | Noticed Duvessa
  3732 | D:4      | Killed Dowan
  3733 | D:4      | Reached skill level 1 in Invocations
  3733 | D:4      | Reached XP level 6. HP: 31/51 MP: 1/7
  3735 | D:4      | Killed Duvessa
  3736 | D:4      | Reached skill level 6 in Axes
  4022 | D:4      | Noticed Menkaure
  4028 | D:4      | Killed Menkaure
  4028 | D:4      | Reached * piety under Okawaru
  4029 | D:4      | Reached XP level 7. HP: 42/57 MP: 2/8
  4147 | D:4      | Found a glowing golden altar of the Shining One.
  4164 | D:4      | Reached skill level 7 in Axes
  4164 | D:4      | Reached skill level 5 in Shields
  4452 | D:4      | Reached skill level 5 in Armour
  4501 | D:4      | Found Bane's Jewellery Shop.
  4553 | D:4      | Slain by an ogre

Illustrated notes

Levels and vault maps discovered:
D:1:      lightli_arrival_maybe_door_vault, layout_basic, serial_bayou,
          serial_bayou_pond_c, serial_bayou_crossing, serial_bayou_lagoon_b,
          serial_bayou_pond_b
D:2:      layout_basic, cheibrodos_gnoll_hut, uniq_robin
D:3:      layout_basic, mainiacjoe_overflow_boulevard,
          mainiacjoe_overflow_surrounded_room, ebering_ecumenical_altar_box
D:4:      layout_gridville, kennysheep_okawaru_gauntlet, tso_metal_star,
          minmay_shop_enchanted_jewellery, uniq_duvessa, uniq_menkaure

Skill      XL: |  1  2  3  4  5  6  7 |
---------------+----------------------+-----
Axes           | 3 4 5 6 7 |  7.1
Armour         | 4 5 |  5.0
Shields        | 4 5 |  5.0
Invocations    | 1 2 3 |  3.0
Fighting       | |  3.6

Action                   |  1- 3 |  4- 6 |  7- 9 || total
-------------------------+-------+-------+-------++-------
Melee: War axe           |   119 |    53 |       ||   172
       Hand axe          |       |    48 |    32 ||    80
  Use: Potion            |       |     1 |       ||     1
       Scroll            |       |       |     1 ||     1
Armor: Scale mail        |    65 |    56 |     7 ||   128
Dodge: Dodged            |    51 |    43 |    10 ||   104
Block: Buckler           |    43 |    26 |     6 ||    75

Table legend: (Time is in decaauts)
 A = Elapsed time spent in this place.
 B = Non-inter-level travel time spent in this place.
 C = Inter-level travel time spent in this place.
 D = Time resting spent in this place.
 E = Time spent auto-exploring this place.
 F = Levels seen in this place.
 G = Mean time per level.
                   A        B        C        D        E       F      G
               +--------+--------+--------+--------+--------+-----+--------+
         Total |   4662 |   4601 |     61 |      0 |   3909 |   4 | 1165.5 |
       Dungeon |   4662 |   4601 |     61 |      0 |   3909 |   4 | 1165.5 |
               +--------+--------+--------+--------+--------+-----+--------+

Top non-repeatable levels by time:
     D:1: 1648 daAuts
     D:2: 1169 daAuts
     D:4: 1111 daAuts
     D:3: 733 daAuts
